 Dungeon Crawl Stone Soup version 0.28.0-45-g0d030f2227 (webtiles) character file.

Game seed: 16190801935812978427

413 issech the Cudgeller (level 6, -5/54 HPs)
             Began as a Troll Monk on Apr 4, 2022.
             Was a Priest of Hepliaklqana.
             Killed from afar by an acid dragon (12 damage)
             ... with a splash of acid
             ... on level 5 of the Dungeon.
             The game lasted 00:12:57 (4230 turns).

issech the Cudgeller (Troll Monk)                   Turns: 4230, Time: 00:12:58

Health: -5/54      AC:  1    Str: 20    XL:     6   Next: 59%
Magic:  5/5        EV: 11    Int:  6    God:    Hepliaklqana [***...]
Gold:   200        SH:  0    Dex: 16    Spells: 5/5 levels left

rFire   . . .      SeeInvis .   H - +3 mace of Recklessness {venom, rC+ Dex+2}
rCold   + . .      Faith    .   (no shield)
rNeg    . . .      Spirit   .   b - +1 robe
rPois   .          Reflect  .   (helmet restricted)
rElec   .          Harm     .   (no cloak)
rCorr   .          Rampage  .   (gloves unavailable)
Will    +....                   (boots unavailable)
Stlth   ++........              o - amulet of magic regeneration
HPRegen 0.98/turn               y - ring of willpower
MPRegen 0.49/turn               E - ring of flight

@: corroded, flying
A: reduced essence, large, unfitting armour, claws 3, regeneration 1, shaggy fur
1, tough skin 1
a: Renounce Religion, Recall Ancestor, Ancestor Identity, Transference


You were on level 5 of the Dungeon.
You worshipped Hepliaklqana.
Hepliaklqana was most pleased with you.
You visited 1 branch of the dungeon, and saw 5 of its levels.

You collected 200 gold pieces.

Inventory:

Hand Weapons
 a - a +0 mace
 e - a +3 whip of flaming
 r - a +0 long sword of holy wrath
 w - a +0 flail
 A - a +0 hunting sling of freezing
 D - a +0 vorpal spear
 G - a +1 giant club
 H - the +3 mace of Recklessness (weapon) {venom, rC+ Dex+2}
   (You found it on level 4 of the Dungeon)

   It poisons the flesh of those it strikes.
   Dex:       It affects your dexterity (+2).
   rC:        It protects you from cold.
Missiles
 d - 38 stones (quivered)
 h - 21 sling bullets
 j - 47 bolts
 u - 2 poisoned darts
 z - 21 arrows
Armour
 b - a +1 robe (worn)
Jewellery
 o - an amulet of magic regeneration (around neck)
 y - a ring of willpower (left claw)
 E - a ring of flight (right claw)
Wands
 t - a wand of iceblast (17)
Scrolls
 g - 3 scrolls of teleportation
 m - a scroll of enchant weapon
 p - 2 scrolls of enchant armour
Potions
 c - 4 potions of curing
 f - a potion of ambrosia {unknown}
 i - a potion of heal wounds {unknown}
 k - a potion of attraction {unknown}
 q - a potion of might {unknown}
 s - a potion of flight {unknown}
 x - a potion of invisibility {unknown}
 C - 3 potions of mutation {unknown}
 F - 2 potions of haste {unknown}


   Skills:
 + Level 3.4 Fighting
 + Level 4.7 Maces & Flails
 + Level 1.5 Throwing
 + Level 3.3 Dodging
 + Level 1.9 Stealth


You had 5 spell levels left.
You didn't know any spells.
Your spell library contained the following spells:

 Spells                   Type           Power      Damage    Failure   Level
 Ensorcelled Hibernation  Hex/Ice        0%         N/A       58%         2
 Passwall                 Tmut/Erth      0%         N/A       58%         2
 Swiftness                Air            0%         N/A       83%         3
 Borgnjor's Revivificati  Necr           0%         N/A       100%        8
 Necromutation            Tmut/Necr      0%         N/A       100%        8
 Death's Door             Necr           0%         N/A       100%        9


Dungeon Overview and Level Annotations

Branches:
Dungeon (5/15)
 Temple: D:4-7

Altars:
Fedhas
Hepliaklqana
Makhleb
Okawaru
Trog
Uskayaw
Zin

Shops:
D:1 !


Innate Abilities, Weirdness & Mutations

Your life essence is reduced to manifest your ancestor. (-10% HP)
You are too large for most types of armour.
You have claws for hands.
Your natural rate of healing is unusually fast.
You are covered in fur. (AC +1)
You have tough skin. (AC +1)


Message History

You now have 191 gold pieces (gained 17).
There is an escape hatch in the floor here.
You now have 200 gold pieces (gained 9).
Found an escape hatch in the ceiling.
You hear the slow hiss of an avalanche of sand nearby.
Found a stone staircase leading down.
Found a cloak.
A dart slug comes into view.
An acid dragon and a hound come into view.
Found 19 gold pieces.
A black bear comes into view.
The helpless acid dragon fails to defend itself.
You hit the acid dragon.
The acid dragon is lightly wounded.
The acid dragon bites you. The acid dragon claws you.
You hit the acid dragon.
The acid dragon is lightly wounded.
The acid dragon spits acid at you. The splash of acid hits you!!
The acid corrodes you!
You hear an angry growl.
The hound barks!
You hit the acid dragon but do no damage.
The acid dragon is lightly wounded.
The acid dragon bites you! The acid dragon claws you.
The dart slug bites something.
You hit the acid dragon but do no damage.
The acid dragon is lightly wounded.
The acid dragon closely misses you. The acid dragon claws you.
The dart slug bites something.
You sock the acid dragon!
The acid dragon is heavily wounded.
The hound bites something.
The acid dragon bites you!
* * * LOW HITPOINT WARNING * * *
The acid dragon closely misses you.
Decima casts a spell at the acid dragon.
The stone arrow hits the acid dragon!
You hit the acid dragon but do no damage.
The acid dragon is severely wounded.
The acid dragon spits acid at you. The splash of acid hits you!
You die...

#.........# #..<......#
#.........###
##............
#...##.#.##.## #
##.#.##.#.##.###.#
#####....##..........
##........##.#.#.##.###.#
.............#..@Dh......
.###..##..##.#.#R#.##.#.#
......##..##...#hw...
####.###..##.#....[.#.#
.....# #.....#.#.$....#
....####..##...)....#..
....###...##.#.##.#.#.#
....>.......... .... #
..........##.##


You could see the friendly Decima the battlemage, a black bear, an acid dragon
(catching breath, ally target), a hound and a dart slug.

Vanquished Creatures
  An ogre (D:4)
  An orc priest (D:4)
  A centaur skeleton (D:5)
  An iguana (D:4)
  2 adders
  A dart slug (D:1)
  8 orcs
  3 endoplasms
  4 giant cockroaches
  2 goblins
  7 hobgoblins
  6 jackals
  3 quokkas
  6 ball pythons
  A bat (D:1)
  3 frilled lizards
  7 kobolds
  6 rats
63 creatures vanquished.

Vanquished Creatures (collateral kills)
  2 jellies
  An orc priest (D:4)
  An iguana (D:5)
  2 adders
  3 orcs (D:3)
  An endoplasm (D:2)
  2 giant cockroaches
  A goblin (D:3)
  4 hobgoblins
  A kobold (D:2)
  A bat (D:2)
  A frilled lizard (D:3)
  A rat (D:2)
21 creatures vanquished.

Grand Total: 84 creatures vanquished

Notes
Turn   | Place    | Note
-------+----------+-------------------------------------------
     0 | D:1      | issech the Troll Monk began the quest for the Orb.
     0 | D:1      | Reached XP level 1. HP: 22/22 MP: 0/0
     5 | D:1      | Found Bihocih's Distillery.
    43 | D:1      | Found a faded altar of an unknown god.
    63 | D:1      | Reached XP level 2. HP: 29/29 MP: 1/1
   485 | D:1      | Reached skill level 3 in Maces & Flails
   654 | D:1      | Reached XP level 3. HP: 36/36 MP: 2/2
   970 | D:2      | Found a hazy altar of Hepliaklqana.
   978 | D:2      | Became a worshipper of Hepliaklqana the Forgotten
   978 | D:2      | Reached * piety under Hepliaklqana
   978 | D:2      | Reached ** piety under Hepliaklqana
   979 | D:2      | Remembered your ancestor Decima as a battlemage
  2092 | D:3      | Reached XP level 4. HP: 39/39 MP: 3/3
  2161 | D:3      | Found a glowing silver altar of Zin.
  2162 | D:3      | Found a blossoming altar of Fedhas.
  2162 | D:3      | Found a burning altar of Makhleb.
  2262 | D:3      | Reached skill level 1 in Throwing
  2777 | D:4      | Reached XP level 5. HP: 47/47 MP: 4/4
  2855 | D:4      | Reached skill level 4 in Maces & Flails
  2865 | D:4      | Reached *** piety under Hepliaklqana
  3248 | D:4      | Noticed an ogre
  3258 | D:4      | Killed an ogre
  3259 | D:4      | Reached XP level 6. HP: 54/54 MP: 5/5
  3401 | D:4      | Identified the +3 mace of Recklessness {venom, rC+ Dex+2}
  4057 | D:5      | Entered Level 5 of the Dungeon
  4062 | D:5      | Found a hide-covered altar of Uskayaw.
  4066 | D:5      | Found a bloodstained altar of Trog.
  4156 | D:5      | Found an iron altar of Okawaru.
  4220 | D:5      | Noticed an acid dragon
  4230 | D:5      | Killed from afar by an acid dragon

Illustrated notes

Levels and vault maps discovered:
D:1:      lemuel_arrival_behind_the_door_small, layout_loops_ring,
          ebering_ecumenical_altar_sacrificial, serial_shops,
          nicolae_shop_crystal
D:2:      layout_basic, basic_altar
D:3:      layout_loops_ring, chequers_temple_overflow_statue_of_worship,
          kennysheep_decorative_pillar, supply_closet_lemuel,
          minmay_misc_feat_pillars
D:4:      layout_basic
D:5:      layout_rooms, okawaru_trees_2, mainiacjoe_overflow_catwalk_spiral,
          enter_ossuary_1, serial_rivers, chequers_serial_rivers_micro_b,
          chequers_serial_rivers_micro_a, chequers_serial_rivers_micro_b,
          chequers_serial_rivers_small_3, chequers_serial_rivers_room_a,
          minmay_diced_spiral, uniq_eustachio

Skill      XL: |  1  2  3  4  5 |
---------------+----------------+-----
Maces & Flails | 3 4 |  4.7
Dodging        | 3 |  3.3
Throwing       | 1 |  1.5
Fighting       | 3 |  3.4
Stealth        | |  1.9

Action                   |  1- 3 |  4- 6 || total
-------------------------+-------+-------++-------
Melee: Mace              |    26 |    14 ||    40
       Punch             |     2 |     3 ||     5
       Whip              |    67 |    51 ||   118
Throw: Stone             |    42 |    26 ||    68
Invok: Ancestor Life: Ba |     1 |       ||     1
  Use: Scroll            |       |     7 ||     7
 Stab: Sleeping          |     2 |     6 ||     8
Armor: Robe              |    28 |     5 ||    33
Dodge: Dodged            |    60 |    32 ||    92
